 Dungeon Crawl Stone Soup version 0.30-a0-996-ga6910c8ee8 (webtiles) character file.

Game seed: 9471532690760698329

17 arthad the Digger (level 2, -3/16 HPs)
             Began as a Gargoyle Earth Elementalist on Apr 5, 2023.
             Slain by Sigmund
             ... wielding a +0 scythe
              (9 damage)
             ... on level 2 of the Dungeon.
             The game lasted 00:01:24 (1149 turns).

arthad the Digger (Gargoyle Earth Elementalist)     Turns: 1149, Time: 00:01:24

Health: -3/16      AC:  5    Str: 11    XL:     2   Next: 62%
Magic:  4/5        EV: 12    Int: 15    God:
Gold:   70         SH:  0    Dex: 10    Spells: 4/5 levels left

rFire   . . .      SeeInvis .    (no weapon)
rCold   . . .      Faith    .    (no shield)
rNeg    + . .      Spirit   .    a - +0 robe
rPois   ∞          Reflect  .    (no helmet)
rElec   +          Rampage  .    (no cloak)
rCorr   .                        k - +0 pair of gloves
Will    .....                    (no boots)
Stlth   ++                       (no amulet)
HPRegen 0.22/turn                (no ring)
MPRegen 0.09/turn                (no ring)

@: no status effects
A: sickness immunity, AC +2, negative energy resistance 1, electricity
resistance, torment resistance 1, petrification resistance
a: no special abilities


You were on level 2 of the Dungeon.
You visited 1 branch of the dungeon, and saw 2 of its levels.

You collected 70 gold pieces.

Inventory:

Hand Weapons
 d - a +0 broad axe
 f - a +1 dagger of venom
Armour
 a - a +0 robe (worn)
 k - a +0 pair of gloves (worn)
Scrolls
 g - a scroll of fog {unknown}
 i - a scroll of immolation {unknown}
Potions
 c - a potion of flight {unknown}
 e - a potion of ambrosia {unknown}
 h - a potion of cancellation {unknown}
 j - a potion of resistance {unknown}


   Skills:
 + Level 0.6 Fighting
 + Level 1.7 Dodging
 + Level 2.3 Stealth
 * Level 2.3 Spellcasting
 - Level 0.7 Transmutations
 * Level 4.0 Earth Magic


You had 4 spell levels left.
You knew the following spells:

 Your Spells              Type           Power      Damage    Failure   Level
a - Sandblast             Erth           26%        2d8       4%          1

Your spell library contained the following spells:

 Spells                   Type           Power      Damage    Failure   Level
 Passwall                 Tmut/Erth      6%         N/A       12%         2
 Stone Arrow              Conj/Erth      14%        3d7       28%         3
 Petrify                  Tmut/Erth      8%         N/A       63%         4


Dungeon Overview and Level Annotations

Branches:
Dungeon (2/15)

Altars:

Annotations:
D:2 Sigmund


Innate Abilities, Weirdness & Mutations

You are immune to sickness and miasma.
Your stone body is resilient. (AC +2)
You are immune to poison.
You resist negative energy. (rN+)
You are resistant to electric shocks. (rElec)
You are resistant to unholy torment.
You are immune to petrification.


Message History

You climb downwards.
There is a stone staircase leading up here.
Sigmund the Dreaded comes into view.
He is wielding a +0 scythe.
Found a stone staircase leading up.
Sigmund is nearby!
The blast of sand hits Sigmund.
Sigmund is moderately wounded.
Sigmund shouts!
The blast of sand hits Sigmund.
Sigmund is moderately wounded.
Sigmund casts a spell at you. The puff of flame misses you. Sigmund misses you.
The blast of sand hits Sigmund but does no damage.
Sigmund is moderately wounded.
Sigmund hits you from afar with a +0 scythe!
The blast of sand hits Sigmund!
Sigmund is almost dead.
Sigmund hits you from afar with a +0 scythe.
You are too injured to fight recklessly!
Aiming: Sandblast (safe; 4% risk of failure)
Press: ? - help, Q - select action Shift-Dir - straight line, f/p - Sigmund
Aim: Sigmund, wielding a +0 scythe and wearing a +0 robe (almost dead, 80% to hit)
The blast of sand hits Sigmund but does no damage.
Sigmund is almost dead.
Sigmund misses you. Magic courses through your body.
Aiming: Sandblast (safe; 4% risk of failure)
Press: ? - help, Q - select action Shift-Dir - straight line, f/p - Sigmund
Aim: Sigmund, wielding a +0 scythe and wearing a +0 robe (almost dead, 80% to hit)
The blast of sand hits Sigmund but does no damage.
Sigmund is almost dead.
Sigmund barely misses you.
Aiming: Sandblast (safe; 4% risk of failure)
Press: ? - help, Q - select action Shift-Dir - straight line, f/p - Sigmund
Aim: Sigmund, wielding a +0 scythe and wearing a +0 robe (almost dead, 80% to hit)
The blast of sand hits Sigmund.
Sigmund is almost dead.
Sigmund hits you from afar with a +0 scythe!
Ouch! That really hurt!
You die...

#........#
######.###
##.##
####...########
+..............
####...########
##.## #.# #@#
#..@...#
#...<..#
#......#
##.....# .....#
##.### .#


You could see Sigmund.

Vanquished Creatures
  3 dart slugs (D:1)
  2 endoplasms (D:1)
  A hobgoblin (D:1)
  2 ball pythons (D:1)
  2 bats (D:1)
  2 goblins (D:1)
  A kobold (D:1)
13 creatures vanquished.

Notes
Turn   | Place    | Note
-------+----------+-------------------------------------------
     0 | D:1      | arthad the Gargoyle Earth Elementalist began the quest for
                  | the Orb.
     0 | D:1      | Reached XP level 1. HP: 10/10 MP: 3/3
   283 | D:1      | Reached XP level 2. HP: 16/16 MP: 1/5
   752 | D:1      | Reached skill level 4 in Earth Magic
  1141 | D:2      | Noticed Sigmund
  1149 | D:2      | Slain by Sigmund

Illustrated notes

Levels and vault maps discovered:
D:1:      minmay_arrival_plants_in_alcoves, layout_loops_corners,
          kennysheep_nondescript
D:2:      layout_loops_corners, ebering_ecumenical_altar_ruins,
          uniq_crazy_yiuf_cottage, uniq_sigmund

Skill      XL: |  1  2 |
---------------+-------+-----
Earth Magic    | 4 |  4.0
Fighting       | |  0.6
Dodging        | |  1.7
Stealth        | |  2.3
Spellcasting   | |  2.3
Transmutations | |  0.7

Action                     || total
---------------------------++-------
   Cast: Sandblast         ||    25
    Use: Potion            ||     1
 Armour: Robe              ||     1
  Dodge: Dodged            ||     5

Table legend: (Time is in decaauts)
 A = Elapsed time spent in this place.
 B = Non-inter-level travel time spent in this place.
 C = Inter-level travel time spent in this place.
 D = Time resting spent in this place.
 E = Time spent auto-exploring this place.
 F = Levels seen in this place.
 G = Mean time per level.
                   A        B        C        D        E       F      G
               +--------+--------+--------+--------+--------+-----+--------+
         Total |   1160 |   1104 |     56 |      0 |   1004 |   2 |  580.0 |
       Dungeon |   1160 |   1104 |     56 |      0 |   1004 |   2 |  580.0 |
               +--------+--------+--------+--------+--------+-----+--------+

Top non-repeatable levels by time:
     D:1: 1110 daAuts
     D:2: 50 daAuts
